 Dungeon Crawl Stone Soup version 0.21-a0-630-g344d351 (webtiles) character file.

74 Charly the Skirmisher (level 4, -9/29 HPs)
             Began as a Gargoyle Fighter on Dec 26, 2017.
             Mangled by an ogre
             ... wielding a +0 giant club
              (17 damage)
             ... on level 5 of the Dungeon.
             The game lasted 00:02:05 (992 turns).

Charly the Skirmisher (Gargoyle Fighter)             Turns: 992, Time: 00:02:06

Health: -9/29      AC: 11    Str: 19    XL:     4   Next: 30%
Magic:  4/4        EV:  7    Int:  9    God:
Gold:   120        SH:  9    Dex: 10    Spells: 3/3 levels left

rFire    . . .     SeeInvis .   a - +1 war axe
rCold    . . .     Gourm    .   c - +0 shield
rNeg     + . .     Faith    .   b - +0 scale mail
rPois    ∞         Spirit   .   l - +0 helmet
rElec    +         Reflect  .   (no cloak)
rCorr    .         Harm     .   (no gloves)
MR       .....                  (no boots)
Stlth    ..........             (no amulet)
HPRegen  0.09/turn              (no ring)
MPRegen  0.09/turn              (no ring)

@: no status effects
A: negative energy resistance 1, electricity resistance, unbreathing,
petrification resistance, rot immunity, AC +3
a: no special abilities


You were on level 5 of the Dungeon.
You were hungry.

You visited 1 branch of the dungeon, and saw 5 of its levels.

You collected 120 gold pieces.

Inventory:

Hand Weapons
 a - a +1 war axe (weapon)
Armour
 b - a +0 scale mail (worn)
 c - a +0 shield (worn)
 l - a +0 helmet (worn)
Potions
 d - 2 potions of might
 e - 2 potions of lignification {unknown}
 g - a potion of berserk rage {unknown}
 j - a potion of mutation {unknown}
Comestibles
 f - 5 rations


   Skills:
 + Level 4.1 Fighting
 * Level 3.4 Axes
 - Level 3.2 Armour
 - Level 3.2 Shields


You had 3 spell levels left.
You didn't know any spells.

Dungeon Overview and Level Annotations

Branches:
Dungeon (5/15)
 Temple: D:4-7

Altars:
Qazlal

Annotations:
D:3 Aviak's ghost, amateur NaBe
D:4 Curus's ghost, amateur HOAK


Innate Abilities, Weirdness & Mutations

You are resistant to torment.
Your stone body is resilient. (AC +3)
You are immune to poison.
You resist negative energy. (rN+)
You are resistant to electric shocks. (rElec)
You can survive without breathing.
You are immune to petrification.
You are immune to rotting.


Message History

You block the orc priest's attack.
An ogre comes into view. It is wielding a giant club.
Unknown command.
You closely miss the orc priest. The orc priest barely misses you.
The orc priest hits you.
* * * LOW HITPOINT WARNING * * *
Unknown command.
You slash the orc priest!
The orc priest is almost dead.
The orc priest hits you but does no damage.
Unknown command.
You hit the orc priest.
You kill the orc priest!
Your Fighting skill increases to level 4!
You have reached level 4!
You feel clever.
You hit the crimson imp. You block the crimson imp's attack.
The ogre hits you with a giant club!
Ouch! That really hurt!
You die...

##############
.............
...........#
#.......##
#..§..§.[#
##..§§§O..##
#.....§5@...#
........).##.#
..........' ..
._........##
## ...........
.......?..a.
#.##.........
#. ..........o


You could see an ogre, a worker ant (wandering) and a crimson imp.

Vanquished Creatures
  An orc priest (D:5)
  An ooze (D:1)
  3 worms
  A dart slug (D:1)
  An orc (D:5)
  A giant cockroach (D:3)
  3 goblins
  3 hobgoblins (D:1)
  2 ball pythons
  6 bats
  3 frilled lizards
  6 kobolds
  2 rats
33 creatures vanquished.

Vanquished Creatures (others)
  2 plants (D:3)
2 creatures vanquished.

Grand Total: 35 creatures vanquished

Notes
Turn   | Place    | Note
-------+----------+-------------------------------------------
     0 | D:1      | Charly the Gargoyle Fighter began the quest for the Orb.
     0 | D:1      | Reached XP level 1. HP: 14/14 MP: 1/1
   267 | D:1      | Reached XP level 2. HP: 19/19 MP: 2/2
   388 | D:2      | Reached XP level 3. HP: 23/24 MP: 3/3
   942 | D:3      | Noticed Aviak's ghost (amateur NaBe)
   968 | D:4      | Noticed an ogre
   970 | D:4      | Noticed Curus's ghost (amateur HOAK)
   972 | D:5      | Entered Level 5 of the Dungeon
   972 | D:5      | Found a stormy altar of Qazlal.
   990 | D:5      | Noticed an ogre
   992 | D:5      | Reached skill level 4 in Fighting
   992 | D:5      | Reached XP level 4. HP: 7/29 MP: 4/4
   992 | D:5      | Mangled by an ogre

Vault maps used:
D:1:      dpeg_arrival_refuge, grunt_decor_cap
D:2:      lemuel_doored_altar
D:3:      serial_bayou, serial_bayou_shore_a, serial_bayou_pond_e,
          serial_bayou_lagoon_a, serial_bayou_pond_e
D:4:      kennysheep_mini_moat, old_standard_altar, minmay_temple_entry_glass,
          first_ration
D:5:      cheibrodos_fertilizer, basic_altar, nicolae_gozag_seed_capital,
          uniq_duvessa, uniq_blork_the_orc

Skill      XL: |  1  2  3 |
---------------+----------+-----
Axes           | 2 3 |  3.4
Fighting       | 4 |  4.1
Armour         | |  3.2
Shields        | |  3.2

Action                   |  1- 3 |  4- 6 || total
-------------------------+-------+-------++-------
Melee: War axe           |   122 |       ||   122
  Use: Scroll            |     3 |       ||     3
Armor: Scale mail        |    78 |       ||    78
Dodge: Dodged            |    45 |       ||    45
Block: Shield            |    81 |     1 ||    82

Table legend:
 A = Spawn XP
 B = Non-spawn XP
 C = Spawn XP percentage of total XP
 D = Spawn monster count
 E = Non-spawn monster count
 F = Spawn count percentage of total count
 G = Total turns spent on level
                    A         B        C        D         E        F      G
               +---------+---------+-------+---------+---------+-------+---------
         Total |       0 |     107 |   0.0 |       0 |      33 |   0.0 |   992
               +---------+---------+-------+---------+---------+-------+---------
           D:1 |       0 |      29 |   0.0 |       0 |      15 |   0.0 |   383
           D:2 |       0 |      19 |   0.0 |       0 |       9 |   0.0 |   265
           D:3 |       0 |      15 |   0.0 |       0 |       7 |   0.0 |   320
           D:5 |       0 |      44 |   0.0 |       0 |       2 |   0.0 |    20
               +---------+---------+-------+---------+---------+-------+---------
